 Dungeon Crawl Stone Soup version 0.30.0-17-ge0270778cf (webtiles) character file.

Game seed: 8442223084477166389

109 grizmgrazm2 the Ruffian (level 4, -1/41 HPs)
             Began as an Ogre Transmuter on May 21, 2023.
             Was an Initiate of Gozag.
             Slain by a gnoll
             ... wielding a +0 flail
              (5 damage)
             ... on level 2 of the Dungeon.
             The game lasted 00:05:11 (2432 turns).

grizmgrazm2 the Ruffian (Ogre Transmuter)           Turns: 2432, Time: 00:05:11

Health: -1/41      AC:  3    Str: 17    XL:     4   Next: 89%
Magic:  6/8        EV: 10    Int: 14    God:    Gozag
Gold:   94         SH:  0    Dex: 12    Spells: 2/9 levels left

rFire   x x          .
                       - Unarmed
rCold   + + .        (no shield)
rNeg    . . .        a - +0 robe
rPois   .            (helmet currently unavailable)
rElec   .            (no cloak)
rCorr   .            (gloves unavailable)
SInv    .            (boots unavailable)
Will    .....        (no amulet)
Stlth   +            h - ring of ice
HPRegen 0.26/turn    f - ring of ice
MPRegen 0.11/turn

%: no passive effects
@: appendages (expiring), wereblooded
A: horns 2, talons 2, large, unfitting armour, tough skin 1, agile 1, strong 1,
MP-powered wands
a: End Transformation, Renounce Religion, Potion Petition, Call Merchant, Bribe
Branch


You were on level 2 of the Dungeon.
You worshipped Gozag.
Gozag was noncommittal.
You had temporarily grown beastly horns and talons.
You visited 1 branch of the dungeon, and saw 3 of its levels.

You collected 117 gold pieces.
You paid 23 gold pieces to Gozag.

Inventory:

Armour
 a - a +0 robe (worn)
Jewellery
 f - a ring of ice (right hand)
 h - a ring of ice (left hand)
Scrolls
 e - 3 scrolls of magic mapping
 g - 4 scrolls of teleportation
 i - a scroll of amnesia {unknown}
 l - a scroll of fog
Potions
 b - 3 potions of lignification
 c - a potion of might
 d - a potion of degeneration {unknown}
 k - a potion of mutation


   Skills:
 + Level 1.5 Fighting
 + Level 1.9 Dodging
 + Level 0.3 Stealth
 * Level 3.7 Unarmed Combat
 + Level 3.3 Spellcasting
 + Level 2.7 Transmutations
 * Level 0.1 Ice Magic


You had 2 spell levels left.
You knew the following spells:

 Your Spells              Type           Power      Damage    Failure   Level
a - Beastly Appendage     Tmut           18%        N/A       7%          1
b - Wereblood             Tmut           9%         N/A       11%         2
c - Ice Form              Ice/Tmut       14%        N/A       75%         4

Your spell library contained the following spells:

 Spells                   Type           Power      Damage    Failure   Level
 Ensorcelled Hibernation  Hex/Ice        10%        N/A       30%         2
 Spider Form              Tmut/Pois      6%         N/A       34%         3
 Anguish                  Hex/Necr       1%         N/A       91%         4


Dungeon Overview and Level Annotations

Branches:
Dungeon (3/15)

Altars:
Gozag


Innate Abilities, Weirdness & Mutations

You have temporarily grown beastly horns and talons.
You are too large for most types of armour.
You have tough skin. (AC +1)
You are agile. (Dex +4, Str/Int -1)
Your muscles are strong. (Str +4, Int/Dex -1)
You expend magic power (3 MP) to strengthen your wands.


Message History

There is a stone staircase leading up, spattered with blood here.
The gnoll is no longer distracted by gold.
You climb upwards.
There is a stone staircase leading down here.
You start resting.
Your horns disappear.
Your talons disappear.
You howl as the wereblood boils in your veins!
You start resting.
Your primal bloodlust has ended.
You start resting.
Magic restored.
You start resting.
HP restored.
You now have 94 gold pieces (gained 6).
You see here a +0 halberd.
There is a stone staircase leading down here.
Casting: Wereblood (safe; 11% risk of failure)
Confirm with . or Enter, or press ? or * to list all spells.
Your blood is infused with primal strength.
You grow a pair of large bovine horns.
Your feet morph into talons.
You climb downwards.
The gnoll hits you but does no damage. The gnoll hits you with a +0 flail!
There is a stone staircase leading up, spattered with blood here.
The gnoll hits you from afar with a +0 halberd.
The gnoll hits you with a +0 flail!
You climb upwards.
There is a stone staircase leading down here.
You hit the gnoll. You claw the gnoll.
The gnoll is moderately wounded.
The gnoll hits you with a +0 flail!
* * * LOW HITPOINT WARNING * * *
You hit the gnoll.
The gnoll is heavily wounded.
The gnoll hits you with a +0 flail.
* * * LOW HITPOINT WARNING * * *
You barely miss the gnoll. Your kick misses the gnoll.
The gnoll is heavily wounded.
The gnoll hits you with a +0 flail.
You die...
Your body crumbles into a pile of gold.

#................########
#................# ###
#................# #..
#.........''##+### #..
#.........#.##.###### #..
#####+#####.##......# #..
#.#####..'......# ###
#.##.)..g#......#
#.#....@.#......#
#.#...#..#......#
#.#...#..#......#
#.#.#.#..#......#
#.#..<...########
#.#####..# #.# #..# #.#
#..# ######### #.# ###..#
#.......#


You could see a gnoll.

Vanquished Creatures
  5 gnolls (D:2)
  2 worms (D:2)
  3 dart slugs
  7 ball pythons
  5 endoplasms
  3 giant cockroaches (D:2)
  3 goblins
  3 hobgoblins
  5 jackals
  2 quokkas (D:1)
  3 bats
  4 frilled lizards
  3 kobolds
  A rat (D:2)
49 creatures vanquished.

Notes
Turn   | Place    | Note
-------+----------+-------------------------------------------
     0 | D:1      | grizmgrazm2 the Ogre Transmuter began the quest for the
                  | Orb.
     0 | D:1      | Reached XP level 1. HP: 19/19 MP: 3/3
   236 | D:1      | Reached XP level 2. HP: 21/27 MP: 2/5
   239 | D:1      | Learned a level 2 spell: Wereblood
   860 | D:1      | Reached XP level 3. HP: 33/33 MP: 5/7
  1673 | D:2      | Reached XP level 4. HP: 35/41 MP: 5/8
  1949 | D:2      | Learned a level 4 spell: Ice Form
  2040 | D:2      | Found an opulent altar of Gozag.
  2065 | D:2      | Became a worshipper of Gozag Ym Sagoz the Greedy
  2111 | D:2      | Gained mutation: You expend magic power (3 MP) to
                  | strengthen your wands. [potion of mutation]
  2111 | D:2      | Gained mutation: Your muscles are strong. (Str +4, Int/Dex
                  | -1) [potion of mutation]
  2111 | D:2      | Gained mutation: You are agile. (Dex +4, Str/Int -1)
                  | [potion of mutation]
  2432 | D:2      | Slain by a gnoll

Illustrated notes

Levels and vault maps discovered:
D:1:      erik_arrival_blinker_ship, layout_basic
D:2:      layout_basic, basic_altar, minmay_misc_feat_tower
D:3:      layout_loops_ring, serial_shops, nicolae_shop_scrapyard, st_stairs_8

Skill      XL: |  1  2  3 |
---------------+----------+-----
Transmutations | 2 |  2.7
Unarmed Combat | 3 |  3.7
Spellcasting   | 3 |  3.3
Fighting       | |  1.5
Dodging        | |  1.9
Stealth        | |  0.3
Ice Magic      | |  0.1

Action                     |  1- 3 |  4- 6 || total
---------------------------+-------+-------++-------
  Melee: Unarmed           |    98 |    55 ||   153
         Headbutt          |    14 |     8 ||    22
         Kick              |    14 |    13 ||    27
   Cast: Beastly Appendage |    28 |    11 ||    39
         Wereblood         |     9 |     7 ||    16
    Use: Scroll            |     5 |     2 ||     7
         Potion            |       |     1 ||     1
 Armour: Robe              |    30 |    14 ||    44
  Dodge: Dodged            |    29 |    26 ||    55
